 Dungeon Crawl Stone Soup version 0.19-a0-1704-gbd66c22 (webtiles) character file.

157 Vasilisck the Shield-Bearer (level 5, 0/42 HPs)
             Began as a Formicid Fighter on Sept 27, 2016.
             Slain by Grinder (3 damage)
             ... on level 3 of the Dungeon.
             The game lasted 00:01:53 (1659 turns).

Vasilisck the Shield-Bearer (Formicid Fighter)      Turns: 1659, Time: 00:01:54

Health: 0/42       AC:  8    Str: 22    XL:     5   Next: 66%
Magic:  5/5        EV:  8    Int:  7    God:
Gold:   158        SH: 10    Dex: 10    Spells: 0 memorised, 4 levels left

rFire  . . .     SeeInvis +     a - +0 war axe
rCold  . . .     Gourm    .     b - +0 scale mail
rNeg   . . .     Faith    .     c - +0 shield
rPois  .         Spirit   .     (helmet unavailable)
rElec  .         Dismiss  .     (no cloak)
rCorr  .         Reflect  .     (no gloves)
MR     .....     Harm     .     (no boots)
Stlth  ..........               (no amulet)
                                (no ring)
                                (no ring)

@: no status effects
A: permanent stasis, dig shafts and tunnels, four strong arms, antennae 3
a: Dig, Shaft Self


You were on level 3 of the Dungeon.
You were hungry.

You visited 1 branch of the dungeon, and saw 3 of its levels.

You collected 158 gold pieces.

Inventory:

Hand Weapons
 a - a +0 war axe (weapon)
Armour
 b - a +0 scale mail (worn)
 c - a +0 shield (worn)
Wands
 k - a wand of slowing (20/48)
Scrolls
 e - a scroll of noise {unknown}
 g - a scroll of magic mapping {unknown}
 h - 2 scrolls of fear {unknown}
 j - a scroll of recharging {unknown}
 l - a scroll of identify {unknown}
 m - a scroll of remove curse {unknown}
 p - a scroll of enchant armour {unknown}
 r - a scroll of enchant weapon {unknown}
Potions
 d - 3 potions of might
 i - a potion of curing {unknown}
 n - a potion of cure mutation {unknown}
 q - a potion of cancellation {unknown}
Comestibles
 f - 4 bread rations
 o - a meat ration


   Skills:
 + Level 4.1 Fighting
 + Level 3.3 Axes
 + Level 4.3 Armour
 + Level 4.6 Shields


You had 4 spell levels left.
You didn't know any spells.

Dungeon Overview and Level Annotations

Branches:
Dungeon (3/15)

Altars:

Annotations:
D:3 Grinder


Innate Abilities, Weirdness & Mutations

You are under a permanent stasis effect.
You can dig through walls and to a lower floor.
Your four strong arms can wield two-handed weapons with a shield.
You have a pair of large antennae on your head. (SInv)


Message History

Grinder is moderately wounded.
Grinder blinks!
You hit Grinder but do no damage.
Grinder is moderately wounded.
Grinder hits you!
You writhe in agony.
* * * LOW HITPOINT WARNING * * *
You are too injured to fight recklessly!
You are too injured to fight recklessly!
You closely miss Grinder.
Grinder is moderately wounded.
Grinder hits you but does no damage.
You hit Grinder.
Grinder is moderately wounded.
Grinder hits you but does no damage. Grinder misses you.
You hit Grinder.
Grinder is heavily wounded.
Grinder hits you!
* * * LOW HITPOINT WARNING * * *
You writhe in agony.
You die...

########.....##.#
...............>#
..### #......#..#
..... #...)###?.##
..###.#...))†....# {
.........#.####..#
####.###...# #..#
.........######..##
.#####.#.# #...@.#
.#...5.#.# #...5%#
.#.#.....###......#
.#.................#
.#..##.............#
....##......#....#.#
....##.##.#.#....#..#
######.##.###....##.#
.......# .#


You could see Grinder.

Vanquished Creatures
  Terence (D:2)
  2 orc wizards (D:3)
  2 adders
  A worm (D:3)
  A leopard gecko (D:3)
  7 orcs (D:3)
  5 bats
  2 giant cockroaches
  4 goblins (D:2)
  5 hobgoblins
  8 jackals
  6 kobolds
  A quokka (D:2)
  2 frilled lizards
  3 rats
50 creatures vanquished.

Notes
Turn   | Place    | Note
-------+----------+-------------------------------------------
     0 | D:1      | Vasilisck the Formicid Fighter began the quest for the Orb.
     0 | D:1      | Reached XP level 1. HP: 18/18 MP: 1/1
    73 | D:1      | Reached XP level 2. HP: 20/24 MP: 2/2
   821 | D:2      | Reached XP level 3. HP: 25/29 MP: 3/3
   958 | D:2      | Found a faded altar of an unknown god.
  1306 | D:2      | Noticed Terence
  1315 | D:2      | Killed Terence
  1315 | D:2      | Reached XP level 4. HP: 36/37 MP: 4/4
  1538 | D:3      | Reached XP level 5. HP: 42/42 MP: 5/5
  1637 | D:3      | Noticed Grinder
  1659 | D:3      | Slain by Grinder

Vault maps used:
D:1:      shiori_arrival_maze
D:2:      ecumenical_altar_1, uniq_terence
D:3:      first_bread, uniq_grinder

Skill      XL: |  1  2  3  4  5 |
---------------+----------------+-----
Shields        | 4 |  4.6
Axes           | 3 |  3.3
Armour         | 4 |  4.3
Fighting       | 4 |  4.1

Action                   |  1- 3 |  4- 6 || total
-------------------------+-------+-------++-------
Melee: War axe           |    98 |    61 ||   159
  Eat: Chunk             |       |     2 ||     2
Armor: Scale mail        |    59 |    25 ||    84
Dodge: Dodged            |    32 |    19 ||    51
Block: Shield            |    57 |    37 ||    94
